 Dungeon Crawl Stone Soup version 0.21.1-1-g345015f (webtiles) character file.

1925 relionnb the Cutter (level 8, -3/78 HPs)
             Began as a Troll Fighter on Feb 28, 2018.
             Was a Follower of Nemelex Xobeh.
             Slain by Xelenos's ghost (13 damage)
             ... on level 7 of the Dungeon.
             The game lasted 01:44:00 (7534 turns).

relionnb the Cutter (Troll Fighter)                 Turns: 7534, Time: 01:44:01

Health: -3/78      AC:  7    Str: 27    XL:     8   Next: 96%
Magic:  7/7        EV: 10    Int:  4    God:    Nemelex Xobeh [*.....]
Gold:   402        SH: 12    Dex:  9    Spells: 7/7 levels left

rFire    . . .     SeeInvis .   H - +2 mace (holy)
rCold    . . .     Gourm    +   b - +0 shield
rNeg     . . .     Faith    .   a - +1 robe
rPois    .         Spirit   .   (helmet restricted)
rElec    .         Reflect  +   h - +0 cloak
rCorr    .         Harm     .   (gloves unavailable)
MR       .....                  (boots unavailable)
Stlth    +.........             K - +2 amulet of reflection
HPRegen  0.63/turn              (no ring)
MPRegen  0.10/turn              (no ring)

@: about to teleport
A: large, unfitting armour, claws 3, fast metabolism 3, gourmand, regeneration
1, shaggy fur 1, tough skin 2
a: Renounce Religion


You were on level 7 of the Dungeon.
You worshipped Nemelex Xobeh.
Nemelex Xobeh was aware of your devotion.
You were completely stuffed.

You visited 2 branches of the dungeon, and saw 7 of its levels.
You also visited: Sewer.

You collected 402 gold pieces.

Inventory:

Hand Weapons
 e - a +2 mace of protection
 p - a +2 whip of flaming
 y - a +0 long sword
 C - a +2 halberd of venom
 H - a +2 mace of holy wrath (weapon)
 J - the +7 dagger of Symmetry {protect, Str+6}
   (You found it on level 4 of the Dungeon)

   It protects the one who uses it against injury (+AC on strike).
   It affects your strength (+6).
 L - a +1 hand axe of chopping
 O - a +2 antimagic spear
 P - a +0 flail
 U - a +1 whip of electrocution
 X - a +0 shortbow
Missiles
 c - 21 sling bullets
 g - 319 stones
 m - 76 arrows
 r - 4 tomahawks of returning (quivered)
 F - 27 poisoned needles
 I - 5 tomahawks
 V - 21 bolts
Armour
 a - a +1 robe (worn)
 b - a +0 shield (worn)
 h - a +0 cloak (worn)
 q - a +0 robe
 s - a +0 robe
 S - a +0 robe
Jewellery
 K - a +2 amulet of reflection (around neck)
Wands
 w - a wand of iceblast (6)
 x - a wand of flame (78)
 z - a wand of random effects (36)
 A - a wand of digging (28)
Scrolls
 f - a scroll of immolation {unknown}
 j - a scroll of enchant weapon
 k - 3 scrolls of brand weapon {unknown}
 l - 4 scrolls of teleportation
 t - a scroll of enchant armour
 u - 4 scrolls of remove curse
 E - 2 scrolls of fear
 G - 2 scrolls of identify
 W - a scroll of magic mapping
Potions
 n - a potion of ambrosia {unknown}
 v - a potion of cancellation
 D - 2 potions of berserk rage
 M - 2 potions of haste
Miscellaneous
 T - a plain deck of summoning {drawn: 6}
Comestibles
 d - 5 rations
 o - 3 chunks of flesh


   Skills:
 + Level 4.1 Fighting
 * Level 5.0 Short Blades
 + Level 1.8(2.6) Axes
 + Level 3.0(3.3) Maces & Flails
 + Level 0.6(1.3) Polearms
 + Level 1.4 Throwing
 + Level 4.7 Dodging
 + Level 1.3 Stealth
 + Level 4.6 Shields
 + Level 2.0 Unarmed Combat
 + Level 0.2 Invocations


You had 7 spell levels left.
You didn't know any spells.

Dungeon Overview and Level Annotations

Branches:
Dungeon (7/15)             Temple (1/1) D:6

Altars:
Ashenzari
Cheibriados
Dithmenos
Fedhas
Gozag
Hepliaklqana
Kikubaaqudgha
Makhleb
Nemelex Xobeh
Okawaru
Ru
Sif Muna
Uskayaw
Wu Jian
Yredelemnul
Zin

Shops:
D:6 [

Annotations:
D:7 Xelenos's ghost, novice GnFi


Innate Abilities, Weirdness & Mutations

You are too large for most types of armour.
You have claws for hands.
Your metabolism is lightning-fast.
You like to eat raw meat.
Your natural rate of healing is unusually fast.
You are covered in fur. (AC +1)
You have very tough skin. (AC +2)


Message History

Xelenos's ghost is moderately damaged.
You block Xelenos's ghost's attack.
You closely miss Xelenos's ghost.
Xelenos's ghost is moderately damaged.
Xelenos's ghost barely misses you.
You closely miss Xelenos's ghost.
Xelenos's ghost is moderately damaged.
Xelenos's ghost hits you.
You closely miss Xelenos's ghost.
Xelenos's ghost is moderately damaged.
Xelenos's ghost hits you!
* * * LOW HITPOINT WARNING * * *
You block Xelenos's ghost's attack.
You feel better. Xelenos's ghost hits you!!
* * * LOW HITPOINT WARNING * * *
Okay, then.
As you read the scroll of teleportation, it crumbles to dust.
You feel strangely unstable. Xelenos's ghost hits you!
You die...
Your body disappears without a glow.

..# #......##.....###..........#
.......#..####.....###..........#
........#.####.........##########
##...........#.....##..# .
......#..........#..## #
.#..#.....#......#.## #
...###.....#.......# ##...#
#.......##.#.## .....
#......#W@...# ##..#
#..........### ...# #.......####
#..## ........# #...# #.......##
#.#.##........ ..............
.[)........... ....)......###


You could see Xelenos's ghost.

Vanquished Creatures
  Duvessa (D:5)
  A black bear (D:7)
  An orc warrior (D:6)
  A sky beast (D:6)
  2 centaurs (D:6)
  A crocodile (Sewer)
  Dowan (D:5)
  A howler monkey (D:7)
  2 crimson imps
  3 hounds
  An orc priest (D:4)
  A centaur skeleton (D:7)
  3 iguanas
  Terence (D:2)
  5 orc wizards
  6 worker ants
  A hound zombie (D:5)
  2 hound skeletons
  A howler monkey zombie (D:5)
  8 adders
  2 gnolls
  A shadow imp (D:5)
  An ooze (D:4)
  An adder zombie (D:6)
  4 worms
  3 leopard geckos
  22 orcs
  14 bats
  6 giant cockroaches
  7 hobgoblins
  2 kobolds (D:2)
  2 quokkas
  2 ball pythons
  3 frilled lizards
  10 goblins
  A leopard gecko skeleton (D:5)
  7 rats
  2 plants (D:5)
  A withered plant (D:7)
134 creatures vanquished.

Vanquished Creatures (collateral kills)
  A hippogriff (D:7)
  A sky beast (D:7)
  2 bullfrogs (D:7)
  A gnoll sergeant (D:7)
  2 howler monkeys (D:7)
  A hound (D:7)
  3 orc priests (D:7)
  A jelly (D:7)
  An iguana (D:7)
  A hound zombie (D:7)
  7 gnolls (D:7)
  An adder (D:7)
  9 orcs
  A hobgoblin (D:7)
  6 kobolds
38 creatures vanquished.

Vanquished Creatures (others)
  A withered plant (D:7)
1 creature vanquished.

Grand Total: 173 creatures vanquished

Notes
Turn   | Place    | Note
-------+----------+-------------------------------------------
     0 | D:1      | relionnb the Troll Fighter began the quest for the Orb.
     0 | D:1      | Reached XP level 1. HP: 22/22 MP: 0/0
   280 | D:1      | Reached XP level 2. HP: 29/29 MP: 1/1
   916 | D:1      | Reached XP level 3. HP: 29/36 MP: 2/2
  2022 | D:2      | Reached skill level 1 in Maces & Flails
  2338 | D:2      | Found a snail-covered altar of Cheibriados.
  2369 | D:2      | Reached XP level 4. HP: 35/44 MP: 3/3
  2394 | D:2      | Noticed Terence
  2401 | D:2      | Killed Terence
  2947 | D:2      | You fall through a shaft for 2 floors!
  3365 | D:4      | Reached XP level 5. HP: 8/52 MP: 4/4
  3616 | D:4      | Got a blackened dagger
  3653 | D:4      | Identified the +7 dagger of Symmetry {protect, Str+6} (You found it on level 4 of the Dungeon)
  3881 | D:5      | Entered Level 5 of the Dungeon
  3930 | D:5      | Reached skill level 1 in Axes
  4003 | D:5      | Reached XP level 6. HP: 53/61 MP: 5/5
  4046 | D:5      | Found a glowing drain.
  4067 | Sewer    | Entered a sewer
  4704 | D:5      | Found a sparkling altar of Nemelex Xobeh.
  4712 | D:5      | Noticed Dowan
  4715 | D:5      | Noticed Duvessa
  4732 | D:5      | Killed Dowan
  4733 | D:5      | Reached skill level 1 in Short Blades
  4733 | D:5      | Reached skill level 1 in Stealth
  4733 | D:5      | Reached XP level 7. HP: 66/67 MP: 6/6
  4749 | D:5      | Killed Duvessa
  4792 | D:5      | Became a worshipper of Nemelex Xobeh the Trickster
  5001 | D:5      | Received a gift from Nemelex Xobeh
  5390 | D:6      | Reached skill level 2 in Short Blades
  5419 | D:6      | Found a hazy altar of Hepliaklqana.
  5543 | D:6      | Reached skill level 3 in Short Blades
  5664 | D:6      | Reached XP level 8. HP: 66/76 MP: 7/7
  5826 | D:6      | Found a staircase to the Ecumenical Temple.
  5856 | Temple   | Entered the Ecumenical Temple
  5932 | Temple   | Reached * piety under Nemelex Xobeh
  6313 | D:6      | Found Teicomniaw's Antique Armour Emporium.
  6417 | D:6      | Reached skill level 4 in Short Blades
  6813 | D:7      | Noticed a hippogriff
  6821 | D:7      | Killed a hippogriff
  6821 | D:7      | Reached skill level 1 in Throwing
  6873 | D:7      | Found an iron altar of Okawaru.
  7172 | D:7      | Found an ancient bone altar of Kikubaaqudgha.
  7179 | D:7      | Found a blossoming altar of Fedhas.
  7271 | D:7      | Found a glowing silver altar of Zin.
  7454 | D:7      | Reached skill level 5 in Short Blades
  7508 | D:7      | Noticed Xelenos's ghost (novice GnFi)
  7534 | D:7      | Slain by Xelenos's ghost

Skill      XL: |  1  2  3  4  5  6  7  8 |
---------------+-------------------------+-----
Maces & Flails | 1 2 3 |  3.0
Shields        | 3 4 |  4.6
Dodging        | 3 4 |  4.7
Fighting       | 3 4 |  4.1
Axes           | 1 |  1.8
Short Blades   | 1 3 5 |  5.0
Stealth        | 1 |  1.3
Throwing       | 1 |  1.4
Polearms       | |  0.6
Unarmed Combat | |  2.0
Invocations    | |  0.2

Action                   |  1- 3 |  4- 6 |  7- 9 || total
-------------------------+-------+-------+-------++-------
Melee: Mace              |   140 |    69 |     6 ||   215
       Morningstar       |       |    25 |       ||    25
       Dagger            |       |   118 |   189 ||   307
       Hand axe          |       |    13 |    22 ||    35
       Spear             |       |       |    42 ||    42
       Whip              |       |       |    23 ||    23
Throw: Stone             |    30 |     1 |    26 ||    57
       Tomahawk          |       |     3 |     3 ||     6
Evoke: Deck              |       |       |     6 ||     6
  Use: Potion            |     5 |     4 |     3 ||    12
       Scroll            |     2 |    14 |     2 ||    18
 Stab: Sleeping          |       |     1 |     2 ||     3
  Eat: Chunk             |    21 |    20 |    18 ||    59
       Ration            |     2 |       |     3 ||     5
Armor: Robe              |    47 |    85 |    74 ||   206
Dodge: Dodged            |    49 |    97 |    85 ||   231
Block: Shield            |    71 |   110 |   139 ||   320
       Reflection        |       |       |     5 ||     5
       Other             |       |       |     1 ||     1
